[Event "*** SCC Grand Prix: Titled Tuesday Blitz"]
[Site "Chess.com"]
[Date "2020.09.29"]
[Round "1"]
[White "chigorin28"]
[Black "Sanan_Sjugirov"]
[Result "0-1"]
[WhiteElo "2422"]
[BlackElo "2851"]
[TimeControl "180+1"]
[EndTime "10:08:06 PDT"]
[Termination "Sanan_Sjugirov won on time"]

1. d4 Nf6 2. Nf3 g6 3. Bf4 Bg7 4. e3 d6 5. h3 c5 6. c3 Qb6 7.
Qc1 O-O 8. Be2 Nc6 9. O-O Bf5 10. Nbd2 d5 11. Ne5 Rac8 12. Nxc6 Rxc6 13. Nf3 Rcc8 14. Ne5 Rfd8 15. Bd3 Bxd3 16. Nxd3 Ne4 17. Be5 c4 18. Bxg7 Kxg7 19. Ne5 Qe6 20. Qc2 Rb8 21. Rae1 b5 22. a3 a5 23. f3 Ng3 24. Rf2 f6 25. Ng4 h5 26. Nh2 f5 27. Nf1 Nxf1 28. Rfxf1 b4 29.
axb4 axb4 30. e4 b3 31. Qb1 fxe4 32. fxe4 dxe4 33. Rxe4 Qd6 34. Rfe1 Rb7 35. Qc1 Rf8 36. Qg5 Qf6 37. Qg3 Rf7 38. Re6 Qf5 39. R1e5 Qb1+ 40.
Kh2 Ra7 41. Rg5 Rf6 42. Qe5 Kf7 43. Rxf6+ exf6 44. Qd5+ Kg7 45. Rg3 Qxb2 46. Qe4 Qc2 47.
Rxg6+ Kf7 48. Qd5+ Kxg6 49. Qg8+ Rg7 50. Qe8+ Kh6 51.
Qh8+ Qh7 52. Qe8 Qg6 0-1

[Event "*** SCC Grand Prix: Titled Tuesday Blitz"]
[Site "Chess.com"]
[Date "2020.09.29"]
[Round "1"]
[White "mjray79"]
[Black "nrvisakh"]
[Result "0-1"]
[WhiteElo "2405"]
[BlackElo "2807"]
[TimeControl "180+1"]
[EndTime "10:08:07 PDT"]
[Termination "nrvisakh won by resignation"]

1. d4 Nf6 2. c4 g6 3. Nf3 Bg7 4. Nc3 d5 5. cxd5 Nxd5 6. e4 Nxc3 7. bxc3 c5 8. Be3 O-O 9. Be2 b6 10. O-O Bb7 11. Qc2 e6 12. Rfd1 Qc8 13. d5 exd5 14. exd5 Re8 15. Rab1 Nd7 16. a4 Nf6 17. c4 Ne4 18. Rb3 Qd7 19. a5 bxa5 20. Rdb1 Ba6 21. Bd3 Nd6 22. Bxc5 Rac8 23. Bxd6 Qxd6 24. Qa2 Bxc4 25.
Bxc4 Rxc4 26. Qxa5 Rc5 27. Qxa7 Rxd5 28. g3 Rd1+ 29.
Kg2 Rxb1 30. Rxb1 Qd5 31. Qa4 Rd8 32. Rb5 Qc6 33. Qb3 Bf8 34. Rb7 Qd5 35. Qxd5 Rxd5 36. Rb2 h6 37. h4 Kg7 38. g4 Ra5 39. Kg3 Bd6+ 40. Kg2 Ra4 41. Kh3 Ra3 42. Kg2 Ra4 43. Kh3 Rf4 44. Rb3 Rc4 45. g5 h5 46. Kg2 Rg4+ 47. Kh3 Rf4 48. Kg2 Bc5 49. Rc3 Bb6 50. Rc6 Rb4 51. Rc3 Rb2 52. Kg3 Bxf2+ 53. Kh3 Bb6 54. Ne5 Bd4 55. Nc4 Bxc3 56. Nxb2 Bxb2 57.
Kg3 Bc3 58. Kf4 Be1 59. Kf3 Bxh4 0-1

[Event "*** SCC Grand Prix: Titled Tuesday Blitz"]
[Site "Chess.com"]
[Date "2020.09.29"]
[Round "1"]
[White "antoszu"]
[Black "Zemerovv"]
[Result "1/2-1/2"]
[WhiteElo "2607"]
[BlackElo "2308"]
[TimeControl "180+1"]
[EndTime "10:08:07 PDT"]
[Termination "Game drawn by repetition"]

1. d4 g6 2. c4 Bg7 3. e4 d6 4. Nc3 Nc6 5. Be3 e5 6. Nge2 Bg4 7. f3 Bd7 8. d5 Nce7 9. Qd2 h5 10.
O-O-O Bh6 11. Bxh6 Nxh6 12. h3 h4 13. f4 exf4 14. Qxf4 Neg8 15. e5 g5 16. Qe4 Bf5 17. Qd4 Rh7 18. exd6 cxd6 19. Qf2 Nf6 20. Nd4 Bg6 21.
Bd3 Bxd3 22. Rxd3 Kf8 23. Rf3 Nhg8 24. Rf1 Rh6 25. Qe3 Rg6 26. Ne4 Qe7 27. Nxf6 Qxe3+ 28. Rxe3 Rxf6 29. Rxf6 Nxf6 30. Nf5 Rd8 31. Kd2 Ne8 32. Kd3 Ng7 33. Nd4 a6 34. Rf3 Ke7 35. b4 Rf8 36. c5 f5 37. c6 bxc6 38. Re3+ Kd7 39. dxc6+ Kd8 40. c7+ Kd7 41. b5 axb5 42. Nxb5 Ne6 43.
a4 Nxc7 44. Nc3 Kc6 45. Re7 Nd5 46. Nxd5 Kxd5 47. Rg7 Rb8 48. Rxg5 Ke5 49. Rg7 Rb3+ 50. Kc4 Ra3 51. Kb4 Ra2 52. a5 d5 53. Kb5 d4 54. a6 d3 55. a7 Ke4 56. Rd7 Ke3 57.
Kb6 d2 58. Kb7 Ke2 59. Re7+ Kf1 60. Rd7 Ke2 61. Re7+ Kf1 62. Rd7 Ke2 1/2-1/2

[Event "*** SCC Grand Prix: Titled Tuesday Blitz"]
[Site "Chess.com"]
[Date "2020.09.29"]
[Round "1"]
[White "ajdemipopushi"]
[Black "Witik"]
[Result "0-1"]
[WhiteElo "2345"]
[BlackElo "2672"]
[TimeControl "180+1"]
[EndTime "10:08:08 PDT"]
[Termination "Witik won on time"]

1. Nf3 d5 2. g3 c6 3. c4 Nf6 4. Bg2 Bg4 5. Ne5 Bh5 6. cxd5 cxd5 7. Qa4+ Nbd7 8. Nc3 e6 9. g4 Bg6 10. h4 h5 11. Nxg6 fxg6 12. g5 Ng4 13. Qc2 Kf7 14. Nxd5 Rc8 15. Nc3 Nde5 16. Qe4 Bc5 17. O-O Rf8 18.
e3 Nd3 19. Bh3 Kg8 20. Bxg4 hxg4 21. Qxe6+ Kh7 22. Qxg4 Qd6 23. Ne4 Qd5 24. h5 Ne5 25. hxg6+ Kxg6 26. Nc3 Nf3+ 27. Kg2 Ne1+ 28. Kg1 Nf3+ 29. Kg2 Qd6 30. Rh1 Nxg5 31. Qh5+ Kf6 32. Qxg5+ Kxg5 33. Ne4+ Kg6 34. Nxd6 Bxd6 35. d4 Rc2 36.
Rf1 Rfc8 37. Rb1 Kf5 38. a3 g5 39. b4 g4 40. Kg1 Rh8 41. Rb2 Rcc8 42. Bd2 Ke4 43. f3+ gxf3 44. Bc1 Rcg8+ 45. Kf2 Rh2+ 46. Ke1 Rxb2 47. Bxb2 Rg2 48. Bc1 Bg3+ 49. Kd1 Kd3 50. d5 f2 0-1

[Event "*** SCC Grand Prix: Titled Tuesday Blitz"]
[Site "Chess.com"]
[Date "2020.09.29"]
[Round "1"]
[White "sjam6687"]
[Black "gixfantastix"]
[Result "1-0"]
[WhiteElo "2497"]
[BlackElo "2073"]
[TimeControl "180+1"]
[EndTime "10:08:08 PDT"]
[Termination "sjam6687 won on time"]

1. d4 Nf6 2. c4 g6 3. Nc3 d5 4. cxd5 Nxd5 5. e4 Nxc3 6. bxc3 Bg7 7. Bc4 c5 8. Ne2 O-O 9. O-O Nc6 10. Be3 Qa5 11. Rb1 Rd8 12. Rb5 Qc7 13. Rxc5 b6 14.
Rd5 Na5 15. Rxd8+ Qxd8 16. Bd5 Bb7 17. Bxb7 Nxb7 18. Qa4 Na5 19. c4 Rc8 20. Rc1 e6 21. d5 exd5 22. cxd5 Rxc1+ 23. Bxc1 Qc7 24. Qe8+ Bf8 25.
Bh6 Qc5 26. e5 Qe7 27. Qxe7 Bxe7 28. d6 Bd8 29. f4 Nc4 30. Kf1 b5 31. Nd4 Ne3+ 32.
Ke2 Nf5 33. Nxf5 gxf5 34. d7 a6 35. Bg5 f6 36. Bxf6 Bb6 37. d8=Q+ Bxd8 38. Bxd8 Kf7 39. Bf6 Ke6 40. Kd3 Kd5 41. Kc3 a5 42. Bd8 a4 43. Kb4 Kc6 44. e6 Kd6 45. e7 Kd7 46.
Kxb5 a3 47. Kb4 h5 48. Kxa3 Ke8 49. h4 Kf7 50. Kb4 Ke8 51. a4 Kd7 52. a5 Kc8 53. a6 Kd7 54. Kb5 1-0

[Event "*** SCC Grand Prix: Titled Tuesday Blitz"]
[Site "Chess.com"]
[Date "2020.09.29"]
[Round "1"]
[White "Sankalp_Gupta2003"]
[Black "Rakesh"]
[Result "1-0"]
[WhiteElo "2775"]
[BlackElo "2396"]
[TimeControl "180+1"]
[EndTime "10:08:09 PDT"]
[Termination "Sankalp_Gupta2003 won by resignation"]

1. e4 c6 2. Nc3 d5 3. Qe2 dxe4 4.
Nxe4 Nf6 5. Nxf6+ gxf6 6. Nf3 Bf5 7. g3 Nd7 8. b3 Qc7 9. Bb2 e6 10. O-O-O O-O-O 11. Bg2 Bg7 12. d4 Bg4 13. h3 Bxf3 14. Bxf3 f5 15. Kb1 Nb6 16. Rd2 Rd7 17.
a3 Rhd8 18. Rhd1 Kb8 19. Ka2 Nc8 20. c4 a5 21. a4 Nd6 22. g4 fxg4 23. hxg4 Ne8 24.
Qe3 Ka8 25. Rd3 Qb6 26. Bc3 Nc7 27. Qe1 Bxd4 28. Bxa5 Qa7 29. Rxd4 Rxd4 30. Bxc7 Rxd1 31. Bxd1 Rd7 32. Be5 Qc5 33. Bc2 b6 34. g5 Kb7 35.
f4 b5 36. axb5 cxb5 37. Qa5 Qa7 38. Qxa7+ Kxa7 39. cxb5 Kb6 40. Bxh7 Kxb5 41. Kb2 Kc5 42. Kc3 Rd1 43. Bc2 Rf1 44. b4+ Kb6 45. Bd3 Rf3 46. Kd4 Rf2 47. b5 Rd2 48. Ke3 Rd1 49. Bd4+ Kb7 50. b6 Re1+ 51. Kd2 Rh1 52. Be4+ Ka6 53. Bxh1 Kb5 54. b7 1-0

[Event "*** SCC Grand Prix: Titled Tuesday Blitz"]
[Site "Chess.com"]
[Date "2020.09.29"]
[Round "1"]
[White "elcandado"]
[Black "paulrusan"]
[Result "0-1"]
[WhiteElo "2559"]
[BlackElo "2271"]
[TimeControl "180+1"]
[EndTime "10:08:11 PDT"]
[Termination "paulrusan won by resignation"]

1. d4 Nf6 2. Bf4 g6 3. Nc3 d5 4. e3 Bg7 5. Nf3 O-O 6. h3 c6 7. Be2 b5 8. O-O a5 9. Ne5 a4 10. a3 Nfd7 11. Nd3 f6 12. Bh2 e5 13. Na2 Re8 14. Nab4 Bb7 15. c3 Na6 16. Bg4 Nc7 17. Bxd7 Qxd7 18. Nc5 Qc8 19. Qg4 Ne6 20. Nxe6 Qxe6 21.
Qxe6+ Rxe6 22. Nd3 Rae8 23. Nc5 R6e7 24. Rfb1 Bc8 25.
Bg3 Ra7 26. Re1 Bf8 27. Nd3 e4 28. Nc5 Bxc5 29. dxc5 f5 30. Red1 Rf7 31. Rd4 g5 32. Bd6 f4 33. Rb4 Kg7 34. b3 axb3 35. Rxb3 f3 36.
a4 bxa4 37. Rxa4 fxg2 38. Kxg2 Rf3 39. Ra7+ Kg6 40. Bg3 h5 41. h4 gxh4 42. Bxh4 Bh3+ 43. Kh2 Bg4 44. Kg2 Bh3+ 45. Kg1 Rg8 46. Rbb7 Kf5+ 47. Bg3 Rgxg3+ 48. fxg3 Rxg3+ 49. Kf2 Rf3+ 50. Ke2 Bg4 51. Ke1 Rxe3+ 52. Kf2 Rxc3 53. Rf7+ Ke5 54. Rae7+ Kd4 55.
Rf6 Rxc5 56. Kg3 e3 57. Kf4 e2 58. Kg3 Rc1 59. Kf2 Rf1+ 0-1

[Event "*** SCC Grand Prix: Titled Tuesday Blitz"]
[Site "Chess.com"]
[Date "2020.09.29"]
[Round "1"]
[White "artichaud"]
[Black "ehrenfeld"]
[Result "0-1"]
[WhiteElo "2202"]
[BlackElo "2533"]
[TimeControl "180+1"]
[EndTime "10:08:11 PDT"]
[Termination "ehrenfeld won by resignation"]

1. e4 e5 2. Nf3 Nc6 3. Bb5 a6 4.
Bxc6 dxc6 5. d3 Qd6 6. Nbd2 f6 7. Nc4 Qe6 8. Bd2 Ne7 9. O-O c5 10. a3 Nc6 11. c3 Be7 12. b4 O-O 13. Qc2 Kh8 14. Be3 cxb4 15. axb4 Bd7 16. Nfd2 Rad8 17. Na5 Nxa5 18. bxa5 Bc8 19. d4 f5 20. d5 Qg6 21.
c4 f4 22. Ba7 f3 23. g3 Qh5 24. Kh1 Rd6 25. Be3 g5 26. g4 Qh3 27. Rg1 Rh6 28.
Nf1 Bxg4 29. Rg3 Qh4 30. Qc3 Bf6 31. Bc5 Rf7 32. Rxf3 Bxf3+ 33. Qxf3 Kg8 34. Qg2 g4 35. Rb1 Bg5 36. Rxb7 Rhf6 37. Rb8+ Kg7 38. Rb2 Bf4 39. Kg1 Rh6 40. Be3 Kf8 41. Ng3 Bxg3 42. fxg3 Qh5 43. Bxh6+ Qxh6 44. Rf2 Qe3 45. Kf1 Qc1+ 46. Ke2 Qxc4+ 47.
Ke1 Qc1+ 48. Ke2 Qc2+ 49. Ke1 Qb1+ 50. Ke2 Qa2+ 51. Ke1 Qxa5+ 52. Ke2 Qa2+ 53. Ke1 Qxf2+ 54. Qxf2 Rxf2 55. Kxf2 Ke7 56. Ke3 Kd6 57. Kd3 Kc5 58. Kc3 a5 59. Kb3 Kd4 0-1

[Event "*** SCC Grand Prix: Titled Tuesday Blitz"]
[Site "Chess.com"]
[Date "2020.09.29"]
[Round "1"]
[White "Gahan-MG"]
[Black "ExcitingTrap"]
[Result "1/2-1/2"]
[WhiteElo "2580"]
[BlackElo "2292"]
[TimeControl "180+1"]
[EndTime "10:08:13 PDT"]
[Termination "Game drawn - insufficient material"]

1. e4 e6 2. b3 d5 3. Bb2 Nf6 4. e5 Nfd7 5. c4 dxc4 6. Bxc4 Nb6 7.
Nf3 Nxc4 8. bxc4 c5 9. O-O Be7 10. Nc3 O-O 11. Ne4 Qd3 12. Re1 Qxc4 13. d4 cxd4 14.
Nxd4 Rd8 15. Rc1 Qb4 16. Bc3 Qb6 17. Qg4 Kh8 18. Nd6 Bxd6 19. exd6 e5 20. Nf5 Bxf5 21. Qxf5 f6 22. Red1 Nd7 23. h4 Nf8 24. d7 Qe6 25.
Qxe6 Nxe6 26. Rd6 Nc5 27. Rd5 b6 28. Rcd1 Kg8 29. Bb4 Kf7 30. Bxc5 bxc5 31. Rxc5 Ke7 32. Rc7 a5 33. a4 Ra6 34. g3 Rd6 35. Rxd6 Kxd6 36. Ra7 Rxd7 37. Rxa5 Rc7 38. Ra8 Kc6 39. Kg2 Kb7 40. Ra5 Rc4 41. h5 h6 42. f3 Kb6 43.
Ra8 Kb7 44. Ra5 Kb6 45. Rb5+ Kc7 46. a5 Ra4 47. g4 Kc6 48. Rb6+ Kc7 49. Re6 Kd7 50.
Ra6 e4 51. fxe4 Rxe4 52. Ra7+ Ke6 53. Rxg7 Ra4 54. Kg3 Rxa5 55. Rg6 Ra3+ 56. Kh4 Kf7 57. Rxh6 Ra4 58. Rg6 f5 59. Rg5 Rxg4+ 60. Rxg4 fxg4 61.
Kxg4 Kg7 62. h6+ Kxh6 1/2-1/2

[Event "*** SCC Grand Prix: Titled Tuesday Blitz"]
[Site "Chess.com"]
[Date "2020.09.29"]
[Round "1"]
[White "rakshi2005"]
[Black "UCantHandleDenker"]
[Result "0-1"]
[WhiteElo "2255"]
[BlackElo "2573"]
[TimeControl "180+1"]
[EndTime "10:08:14 PDT"]
[Termination "UCantHandleDenker won by checkmate"]

1. e4 d6 2. d4 Nf6 3. Nc3 g6 4. Bg5 c6 5. f4 Bg7 6. Nf3 d5 7. e5 Ne4 8. Bh4 Qa5 9. Qd3 Bf5 10. Qe3 Nxc3 11. bxc3 Bxc2 12. Be2 Bf5 13. O-O Qc7 14. c4 O-O 15. cxd5 cxd5 16. Rfc1 Nc6 17. Qb3 Be4 18. Nd2 Qd7 19. Nxe4 dxe4 20. d5 Nd4 21. Qc4 Nxe2+ 22.
Qxe2 Qxd5 23. Bxe7 Rfc8 24. Rd1 Qe6 25. Bd6 Rc4 26.
Rac1 Rac8 27. Rxc4 Qxc4 28. Qxc4 Rxc4 29. Be7 Rc8 30. Kf2 h5 31. Ke3 Rc2 32. Kxe4 Rxg2 33. Rd7 Rxh2 34. Rxb7 Rxa2 35. Bc5 h4 36. Rb3 Ra4+ 37.
Kf3 a5 38. Kg4 Rc4 39. Be3 a4 40. Ra3 Bf8 41. Ra1 Be7 42. Rb1 g5 43. Kf3 gxf4 44. Bxf4 a3 45. Be3 Kg7 46. Rg1+ Kh7 47. Rh1 a2 48.
Bf4 Ra4 49. Ra1 Kg6 50. Bd2 Kf5 51. Ke2 Ke4 52. Bc3 h3 53. Kd2 Ra3 54. Kc2 Bc5 55.
Re1+ Kd5 56. Rd1+ Kc4 57. Bb2 Rf3 58. Kd2 Rf2+ 59. Kc1 Kb3 60. Rd3+ Kc4 61. Rc3+ Kb4 62. Rxh3 Rf1+ 63. Kc2 a1=Q 64. Bxa1 Rxa1 65. Rh4+ Kb5 66. Rf4 Ra7 67. Rf6 Kc4 68. e6 fxe6 69. Rxe6 Ra2+ 70. Kb1 Rg2 71. Rh6 Bd4 72. Rh3 Bc3 73. Rh8 Kb3 74.
Rb8+ Bb4 75. Rxb4+ Kxb4 76. Kc1 Kc3 77. Kd1 Ra2 78.
Ke1 Kd3 79. Kf1 Ke3 80. Kg1 Kf3 81. Kf1 Ra1# 0-1

[Event "*** SCC Grand Prix: Titled Tuesday Blitz"]
[Site "Chess.com"]
[Date "2020.09.29"]
[Round "1"]
[White "lelya96"]
[Black "crazy_but_lazy"]
[Result "0-1"]
[WhiteElo "2218"]
[BlackElo "2546"]
[TimeControl "180+1"]
[EndTime "10:08:14 PDT"]
[Termination "crazy_but_lazy won by checkmate"]

1. d4 d5 2. Nc3 Nf6 3. Bf4 e6 4. Nb5 Bb4+ 5. c3 Ba5 6. Qa4 Nc6 7. Nf3 a6 8. Na3 b5 9. Qb3 O-O 10. e3 b4 11. Nc2 bxc3 12. bxc3 Ne4 13. Nb4 Bd7 14.
a3 Bb6 15. Bd3 a5 16. Nxc6 Bxc6 17. O-O a4 18. Qc2 Nf6 19. Ne5 Bb7 20. Bg5 h6 21.
Bh4 c5 22. Ng4 c4 23. Bh7+ Kh8 24. Nxf6 gxf6 25. e4 Kxh7 26. e5+ f5 27. Bxd8 Bxd8 28. Rab1 Bc6 29. f4 Be7 30. Rb6 Rfc8 31. g4 Bd7 32.
gxf5 exf5 33. Qe2 Rg8+ 34. Kh1 Be6 35. Qb2 Rg6 36. Rg1 Rag8 37. Rxg6 Rxg6 38. Ra6 Bh4 39. Rxa4 Rg4 40. Qd2 Rg8 41. Rb4 Ra8 42. a4 Bd7 43. Qc2 Kg7 44. Qg2+ Kf8 45. Qxd5 Rd8 46. Qc5+ Be7 47.
Qxc4 Be6 48. Qb5 Bd5+ 49. Kg1 Bh4 50. Qc5+ Kg8 51. c4 Be4 52. d5 Kh7 53. Kf1 Bd3+ 54.
Kg1 Rg8+ 55. Kh1 Be4# 0-1

[Event "*** SCC Grand Prix: Titled Tuesday Blitz"]
[Site "Chess.com"]
[Date "2020.09.29"]
[Round "1"]
[White "DenLaz"]
[Black "WPWPWP-2015"]
[Result "1-0"]
[WhiteElo "2806"]
[BlackElo "2404"]
[TimeControl "180+1"]
[EndTime "10:08:15 PDT"]
[Termination "DenLaz won by resignation"]

1. d4 Nf6 2. c4 e6 3. Nf3 d5 4. Nc3 c6 5. e3 Nbd7 6. Qc2 Bd6 7. Bd2 O-O 8. O-O-O Re8 9. e4 c5 10. dxc5 Bxc5 11.
e5 Ng4 12. Bg5 Qa5 13. cxd5 Nxf2 14. dxe6 fxe6 15. Bd3 Nf8 16. Ne4 Nxd3+ 17. Rxd3 Be7 18. Bxe7 Rxe7 19. Kb1 Bd7 20. Nd6 Bc6 21. Rf1 h6 22.
Re3 Rd8 23. Nd4 Bd5 24. a3 Rc7 25. Qf2 Qb6 26. Rg3 Nh7 27. N4b5 Re7 28. Qxb6 axb6 29. Nc3 Ng5 30. h4 Nf7 31. Nxf7 Rxf7 32. Rxf7 Kxf7 33. Nb5 Be4+ 34. Kc1 Bf5 35. Nd6+ Kg8 36. Rc3 Rd7 37. Kd2 Kh7 38. Ke3 g5 39. hxg5 hxg5 40. Rb3 Rc7 41. Rxb6 Kg6 42. Rxb7 Rc5 43. Rb5 Rc2 44. a4 Rxg2 45.
a5 Rg3+ 46. Kd4 Rg4+ 47. Kc5 Rg2 48. a6 Rc2+ 49. Kb6 Bd3 50. a7 Bxb5 51. a8=Q Bd3 52. Qg8+ Kh5 53. Qxe6 Re2 54. Qf7+ Kg4 55. e6 Rxb2+ 56.
Kc5 Rc2+ 57. Kd4 Be2 58. e7 Kg3 59. e8=Q Bg4 60. Qe3+ Kg2 61. Qe4+ Kg3 62. Qxc2 1-0

[Event "*** SCC Grand Prix: Titled Tuesday Blitz"]
[Site "Chess.com"]
[Date "2020.09.29"]
[Round "1"]
[White "azikom"]
[Black "maxip32"]
[Result "1/2-1/2"]
[WhiteElo "2652"]
[BlackElo "2349"]
[TimeControl "180+1"]
[EndTime "10:08:16 PDT"]
[Termination "Game drawn by repetition"]

1. c4 g6 2. Nc3 Bg7 3. g3 Nf6 4. Bg2 O-O 5. Nf3 d6 6. d3 e5 7.
O-O a5 8. a3 Re8 9. Rb1 c6 10.
Bg5 h6 11. Bxf6 Bxf6 12. Nd2 Be6 13. b4 axb4 14. axb4 Bg7 15. Qb3 Nd7 16. Rfc1 Kh7 17. b5 Nc5 18. Qc2 Rc8 19. bxc6 bxc6 20. Nde4 Nxe4 21.
Nxe4 f5 22. Nd2 Re7 23. Qa4 d5 24. cxd5 cxd5 25. Qa6 e4 26. Nf1 Qe8 27. e3 Rec7 28. Rxc7 Rxc7 29. d4 Qc8 30. Qd6 Bf8 31. Qb6 Rc6 32.
Qb7+ Qxb7 33. Rxb7+ Kg8 34. h4 Rd6 35. Nd2 Rd7 36. Rb6 Kf7 37. Rb3 Rc7 38. Bf1 Bd6 39. Rb6 Ke7 40. Nb3 g5 41. hxg5 hxg5 42. Na5 f4 43.
Nb7 Ba3 44. exf4 gxf4 45. gxf4 Rc1 46. Kg2 Bg4 47. Kg3 Bf3 48. Bh3 Rg1+ 49. Kh4 Rh1 50. Rh6 Kf7 51. f5 Be7+ 52. Kg3 Bg5 53. Nd6+ Kf8 54. Rg6 Rg1+ 55. Kh2 Rh1+ 56. Kg3 Rg1+ 57. Kh2 Rh1+ 58. Kg3 1/2-1/2

[Event "*** SCC Grand Prix: Titled Tuesday Blitz"]
[Site "Chess.com"]
[Date "2020.09.29"]
[Round "1"]
[White "Pultis"]
[Black "GMaka"]
[Result "1-0"]
[WhiteElo "2708"]
[BlackElo "2367"]
[TimeControl "180+1"]
[EndTime "10:08:17 PDT"]
[Termination "Pultis won on time"]

1. d4 Nf6 2. c4 e6 3. Nf3 Bb4+ 4. Bd2 a5 5. g3 d6 6. Bg2 O-O 7. O-O Bxd2 8. Qxd2 Nc6 9. Nc3 e5 10. Rad1 Bg4 11.
dxe5 dxe5 12. Qe3 Qe8 13. Nd5 Nxd5 14. cxd5 Bxf3 15. exf3 Nd4 16. f4 Nf5 17. Qxe5 Qd7 18. Bh3 g6 19. d6 cxd6 20. Bxf5 Qxf5 21. Qxf5 gxf5 22. Rxd6 Rfd8 23. Rfd1 Rxd6 24. Rxd6 Kg7 25. Rb6 Rc8 26. Rxb7 Rc2 27. a4 Kg6 28. Rb6+ f6 29.
Rb5 h6 30. Kg2 Rd2 31. Kf3 Rc2 32. Ke3 Rc4 33. b3 Rc3+ 34. Kd2 Rf3 35. Ke2 Rc3 36. h3 Rc2+ 37. Ke3 Rb2 38. f3 Rb1 39. g4 fxg4 40.
fxg4 Rh1 41. Rh5 Rb1 42. Rb5 Rh1 43. Kd4 Rxh3 44. Kc4 Rg3 45. Rxa5 Rxg4 46. Rd5 Rxf4+ 47. Kb5 h5 48. a5 Rf3 49. Kb4 Re3 50. a6 Re8 51.
Ka5 h4 52. b4 h3 53. Rd2 Kg5 54. b5 Kg4 55. b6 1-0

[Event "*** SCC Grand Prix: Titled Tuesday Blitz"]
[Site "Chess.com"]
[Date "2020.09.29"]
[Round "1"]
[White "kagg1125"]
[Black "Grineva_Marianna"]
[Result "0-1"]
[WhiteElo "2553"]
[BlackElo "2261"]
[TimeControl "180+1"]
[EndTime "10:08:17 PDT"]
[Termination "Grineva_Marianna won on time"]

1. d4 f5 2. Nf3 Nf6 3. g3 d6 4.
Bg2 g6 5. O-O Bg7 6. c3 O-O 7.
Qb3+ d5 8. Ne5 Nc6 9. Bf4 Ne4 10. Nxc6 bxc6 11. Nd2 Ba6 12. Rfe1 Nxd2 13. Bxd2 e5 14. Qa3 Bb5 15. Be3 f4 16. Bd2 fxg3 17. hxg3 exd4 18. cxd4 Bxd4 19. Be3 Qf6 20. Bxd4 Qxd4 21. Bf3 Rae8 22. Qc3 Qxc3 23. bxc3 Bc4 24. Kg2 Rb8 25. Reb1 Rb6 26. a3 Rfb8 27. Rb4 a5 28. Rxb6 Rxb6 29. Bg4 Kf7 30.
Rh1 h5 31. Bf3 Rb3 32. g4 hxg4 33. Bxg4 Rxc3 34. Rh7+ Kf6 35. Rxc7 Bb5 36. e3 Rxa3 37. Bd7 Rc3 38. Ra7 a4 39. Be8 a3 40. Rf7+ Kg5 41.
Rg7 Bd3 42. Kg3 Bf5 43. Ra7 d4 44. f4+ Kf6 45. Kf3 Rxe3+ 46. Kf2 c5 47. Ra6+ Ke7 48. Bb5 Rb3 49. Bc4 Rb2+ 50. Kg3 d3 51. Rxa3 d2 52.
Be2 Rb1 53. Ra7+ Kd6 54. Ra6+ Kd5 55. Bf3+ Kc4 56. Rd6 Bd3 0-1

[Event "*** SCC Grand Prix: Titled Tuesday Blitz"]
[Site "Chess.com"]
[Date "2020.09.29"]
[Round "1"]
[White "Keithonsky"]
[Black "mfwagnerpeixoto"]
[Result "1/2-1/2"]
[WhiteElo "2535"]
[BlackElo "2224"]
[TimeControl "180+1"]
[EndTime "10:08:17 PDT"]
[Termination "Game drawn by stalemate"]

1. d4 Nf6 2. c4 c5 3. d5 d6 4. Nc3 g6 5. Nf3 Bg7 6. h3 O-O 7. Bf4 a6 8. e3 b5 9. cxb5 axb5 10. Bxb5 Ne4 11. O-O Bxc3 12. bxc3 Nxc3 13. Qb3 Nxb5 14.
Qxb5 Ba6 15. Qa4 Nd7 16. Rfe1 Be2 17. Qc2 Bxf3 18. gxf3 Nf6 19. e4 Qd7 20. Kg2 Nh5 21. Bh2 e5 22. dxe6 Qxe6 23. Red1 Rad8 24. Rd5 Qf6 25.
Rad1 Nf4+ 26. Bxf4 Qxf4 27. Qd2 Qf6 28. Kg3 h5 29. Qf4 Qb2 30. R1d2 Qc1 31. Kg2 Rb8 32. Qxd6 Rb1 33. Rd1 Qc2 34. Rxb1 Qxb1 35. Rxc5 Qxa2 36.
Qd5 Qa7 37. Rc6 Kg7 38. Rd6 Qe7 39. Rd7 Qf6 40. Rd6 Qe7 41. f4 Re8 42. f3 Rf8 43. f5 Qg5+ 44. Kf1 Qc1+ 45. Ke2 Qc2+ 46. Qd2 Qxd2+ 47. Rxd2 gxf5 48. exf5 Kf6 49. Rd5 Re8+ 50. Kf2 Re5 51. Rd6+ Kxf5 52. Kg3 f6 53. h4 Re1 54. Rd5+ Kg6 55. Kf4 Re8 56. Rd7 Ra8 57. Rb7 Ra4+ 58. Kg3 Rc4 59. Rb5 Rd4 60. Rb8 Rc4 61. Rg8+ Kh6 62.
Kh3 Rf4 63. Kg3 Rc4 64. Rf8 Kg6 65. Re8 Kf7 66. Rd8 Kg6 67. Re8 Rd4 68. Re4 Rxe4 69. fxe4 Kf7 70. Kf3 Kg6 71. Kf4 Kg7 72. e5 fxe5+ 73.
Kxe5 Kh8 74. Kf6 Kg8 75. Kg5 Kh8 76. Kg6 Kg8 77. Kh6 Kh8 78. Kxh5 Kg8 79. Kg6 Kh8 80. Kh6 Kg8 81. h5 Kh8 82. Kg6 Kg8 83. Kh6 Kh8 84.
Kg5 Kg8 85. h6 Kh8 86. Kh5 Kg8 87. Kg6 Kh8 88. h7 1/2-1/2

[Event "*** SCC Grand Prix: Titled Tuesday Blitz"]
[Site "Chess.com"]
[Date "2020.09.29"]
[Round "1"]
[White "mishanick"]
[Black "BulletMercenary"]
[Result "1-0"]
[WhiteElo "3006"]
[BlackElo "2451"]
[TimeControl "180+1"]
[EndTime "10:08:18 PDT"]
[Termination "mishanick won on time"]

1. d4 e6 2. c4 d5 3. Nc3 Nf6 4. Nf3 Be7 5. Bf4 O-O 6. e3 b6 7.
cxd5 Nxd5 8. Nxd5 exd5 9. Bd3 Be6 10. O-O c5 11. b3 Bf6 12. Rc1 Qe7 13. Ne5 Rc8 14.
Re1 Nc6 15. Nxc6 Rxc6 16. dxc5 Rxc5 17. Rxc5 Qxc5 18. Qb1 Rc8 19. Bxh7+ Kf8 20. Bd3 d4 21. e4 Bg5 22. Bxg5 Qxg5 23. Qd1 Rc3 24. g3 Bg4 25. f3 Bh3 26. f4 Qc5 27. Qd2 a5 28. f5 f6 29. Kf2 a4 30. bxa4 Qa3 31. Rd1 Bg4 32.
Be2 d3 33. Bxg4 Rc2 34. Ke3 Rxd2 35. Rxd2 Qxa4 36. Bd1 Qc4 37. Bb3 Qc1 38. Kxd3 Ke7 39.
Rc2 Qd1+ 40. Ke3 Qe1+ 41. Kf4 Qf1+ 42. Kg4 Qd1+ 43. Kh4 Qf3 44. Rc7+ Kd6 45. Rxg7 Qxe4+ 46. g4 Qf4 47. Kh5 Qxh2+ 48. Kg6 Qh4 49. Kf7 Ke5 50. Ke7 Qh6 51. Rg6 Qd2 52. Rg8 Qd6+ 53. Kf7 Qd7+ 54. Kg6 Qd2 55. Re8+ Kf4 56. Kxf6 Qd4+ 57.
Kg6 Kxg4 58. f6 Qd3+ 59. Kg7 Qd4 60. Kg6 Qd3+ 61. Kh6 Qd4 62. Rf8 Kf5 63. Bc2+ Ke6 64. Bg6 1-0

[Event "*** SCC Grand Prix: Titled Tuesday Blitz"]
[Site "Chess.com"]
[Date "2020.09.29"]
[Round "1"]
[White "TimofeevAr"]
[Black "StockholmMissile"]
[Result "1-0"]
[WhiteElo "2868"]
[BlackElo "2424"]
[TimeControl "180+1"]
[EndTime "10:08:20 PDT"]
[Termination "TimofeevAr won by resignation"]

1. e4 e5 2. Nf3 Nc6 3. Bb5 a6 4. Ba4 Nf6 5. d3 b5 6. Bb3 Bc5 7. O-O d6 8. c3 O-O 9. Nbd2 Bb6 10. h3 Ne7 11. Re1 Ng6 12. Nf1 h6 13. Ng3 c6 14.
d4 Re8 15. Be3 Rb8 16. Qd2 exd4 17. Bxd4 c5 18. Bxf6 Qxf6 19. Nh5 Qe7 20. Bd5 Ne5 21.
Qf4 Nxf3+ 22. Qxf3 Be6 23. Qg3 Qg5 24. Qxg5 hxg5 25. Rad1 c4 26. Kf1 Bc5 27. a3 a5 28.
f4 g4 29. Bxe6 Rxe6 30. hxg4 b4 31. axb4 axb4 32. Ng3 bxc3 33. bxc3 Rb3 34. Rc1 Rh6 35. e5 d5 36. Rc2 d4 37. cxd4 Bb4 38. Nh5 g6 39. Nf6+ Kg7 40. Rec1 Ba3 41. Kf2 Bxc1 42. Rxc1 c3 43. Ne4 Rh8 44. Rxc3 Rxc3 45. Nxc3 Rc8 46.
Ne4 Rc2+ 47. Kf3 Rc4 48. d5 Rd4 49. d6 Kf8 50. Ke3 Rd1 51. Nf6 Kg7 52. Ke4 Kf8 53.
f5 g5 54. Nd5 Ke8 55. e6 fxe6 56. fxe6 Rf1 57. Ke5 Re1+ 58. Kf6 Kd8 59. Kf7 Rf1+ 60. Nf6 1-0

[Event "*** SCC Grand Prix: Titled Tuesday Blitz"]
[Site "Chess.com"]
[Date "2020.09.29"]
[Round "1"]
[White "Stouuf"]
[Black "ElusiveCat"]
[Result "1-0"]
[WhiteElo "2606"]
[BlackElo "2295"]
[TimeControl "180+1"]
[EndTime "10:08:20 PDT"]
[Termination "Stouuf won by resignation"]

1. e4 c5 2. Nf3 d6 3. Bb5+ Nd7 4. O-O a6 5. Bd3 Ngf6 6. c3 b5 7. Bc2 Bb7 8. Re1 Rc8 9. d3 e5 10. Nbd2 g6 11. Nf1 Bg7 12. Ng3 O-O 13. d4 cxd4 14. cxd4 exd4 15. Nxd4 Ne5 16. Bg5 Qb6 17. h3 h6 18. Be3 Nc4 19. Bc1 Nd7 20. Nge2 Rfe8 21. b3 Nce5 22. Be3 Qa5 23. a4 b4 24.
Rc1 Nc5 25. f4 Ned7 26. Ng3 Qd8 27. Bf2 Nf6 28. Qd2 Nfxe4 29. Nxe4 Bxe4 30. Qxb4 Bxc2 31. Rxe8+ Qxe8 32. Rxc2 Nd3 33. Rxc8 Qxc8 34. Qd2 Nxf2 35. Kxf2 Qc5 36. Ke3 g5 37. g3 Bf6 38. Qd3 Kg7 39. Qc4 Qb6 40. Kd3 Kg8 41. b4 Qb7 42. b5 axb5 43.
Qxb5 Qg2 44. Qe8+ Kg7 45. Qe3 gxf4 46. gxf4 Bxd4 47. Qxd4+ f6 48. Qxd6 Qf3+ 49. Kc4 Qxh3 50. a5 Qc8+ 51. Kb5 Qb7+ 52. Kc4 Qc8+ 53. Kb5 Qb7+ 54. Kc5 Qc8+ 55. Qc6 Qf5+ 56. Kb6 Qxf4 57. Qc7+ Qxc7+ 58. Kxc7 f5 59. a6 f4 60. a7 f3 61.
a8=Q f2 62. Qg2+ Kf6 63. Qxf2+ Kg5 64. Qg2+ Kf4 65. Kd6 h5 66. Ke6 h4 67. Kf6 1-0